 Dungeon Crawl Stone Soup version 0.30-b1-2-g02819fbbbe (webtiles) character file.

Game seed: 5944481480100681891

2076 Metae the Shield-Bearer (level 9, -1/79 HPs)
             Began as a Minotaur Fighter on June 30, 2023.
             Was a Follower of Uskayaw.
             Slain by a hound (3 damage)
             ... on level 6 of the Dungeon.
             The game lasted 00:12:36 (6263 turns).

Metae the Shield-Bearer (Minotaur Fighter)          Turns: 6263, Time: 00:12:36

Health: -1/79      AC:  9    Str: 26    XL:     9   Next: 6%
Magic:  8/8        EV: 11    Int:  5    God:    Uskayaw [*.....]
Gold:   381        SH: 15    Dex: 14    Spells: 8/8 levels left

rFire   . . .        y - +1 flail (drain)
rCold   . . .        l - +0 kite shield
rNeg    . . .        o - +0 scale mail of Ycodier {Dex+5}
rPois   .            (helmet restricted)
rElec   .            g - +0 cloak
rCorr   .            (no gloves)
SInv    .            (no boots)
Will    .....        k - amulet of reflection Stlth
                     (no ring)
HPRegen 0.33/turn    (no ring)
MPRegen 0.11/turn

%: reflection
@: no status effects
A: horns 2, retaliatory headbutt
a: Renounce Religion, Stomp


You were on level 6 of the Dungeon.
You worshipped Uskayaw.
Uskayaw was noncommittal.
You visited 2 branches of the dungeon, and saw 8 of its levels.

You collected 381 gold pieces.

Inventory:

Hand Weapons
 a - a +0 rapier
 y - a +1 flail of draining (weapon)
Missiles
 C - 5 boomerangs (quivered)
 E - 29 poisoned darts
Armour
 b - a +0 scale mail
 c - a +0 buckler
 g - a +0 cloak (worn)
 l - a +0 kite shield (worn)
 o - the +0 scale mail of Ycodier (worn) {Dex+5}
   (You found it on level 2 of the Dungeon)

   Dex:       It affects your dexterity (+5).
 x - a +0 plate armour
Jewellery
 k - an amulet of reflection (around neck)
 q - a ring of willpower
 v - a +4 ring of protection
 w - a ring of magical power
 J - an amulet of guardian spirit
Wands
 B - a wand of paralysis (10)
 G - a wand of acid (10)
Scrolls
 e - a scroll of torment {unknown}
 f - 3 scrolls of teleportation {unknown}
 h - 2 scrolls of immolation {unknown}
 i - 6 scrolls of identify {unknown}
 m - 2 scrolls of amnesia {unknown}
 r - 4 scrolls of enchant weapon {unknown}
 t - a scroll of enchant armour {unknown}
 H - a scroll of blinking {unknown}
Potions
 d - 3 potions of might
 j - a potion of invisibility {unknown}
 n - a potion of heal wounds {unknown}
 p - 2 potions of curing
 s - a potion of brilliance {unknown}
 u - a potion of mutation {unknown}
 z - a potion of berserk rage {unknown}
 A - a potion of attraction {unknown}
 D - a potion of haste {unknown}
 F - a potion of magic {unknown}
 I - a potion of flight {unknown}


   Skills:
 + Level 7.3 Fighting
 - Level 3.7 Short Blades
 + Level 5.0 Maces & Flails
 + Level 7.3 Armour
 + Level 5.6 Dodging
 + Level 7.4 Shields
 + Level 0.0 Invocations


You had 8 spell levels left.
You didn't know any spells.
Your spell library contained the following spells:

 Spells                   Type           Power      Damage    Failure   Level
 Necrotise                Necr           0%         1d4       90%         1
 Blink                    Tloc           0%         N/A       97%         2
 Lesser Beckoning         Tloc           0%         N/A       97%         2
 Momentum Strike          Conj/Tloc      0%         3d8       97%         2
 Scorch                   Fire           0%         2d5       97%         2
 Vampiric Draining        Necr           0%         2d6       99%         3
 Flame Wave               Conj/Fire      0%         2d4       100%        4
 Agony                    Necr           0%         N/A       100%        5
 Summon Cactus Giant      Summ           0%         N/A       100%        6


Dungeon Overview and Level Annotations

Branches:
Dungeon (7/15)             Temple (1/1) D:5

Altars:
Ashenzari
Cheibriados
Dithmenos
Elyvilon
Fedhas
Hepliaklqana
Nemelex Xobeh
Trog
Uskayaw
Vehumet
Wu Jian
Xom
Yredelemnul
The Shining One


Innate Abilities, Weirdness & Mutations

You have a pair of horns on your head.
You reflexively headbutt those who attack you in melee.


Message History

The gnoll barely misses you. Something hits you but does no damage.
The gnoll bouda hits you with a +0 whip.
You block the orc warrior's attack. You block the orc's attack.
The hound bites you. The gnoll barely misses you.
The gnoll hits you from afar with a +0 spear.
* * * LOW HITPOINT WARNING * * *
There is a stone staircase leading up, spattered with blood here.
Things that are here:
a +0 club; a gnoll corpse The gnoll barely misses you.
The hound closely misses you. You block something's attack.
The gnoll barely misses you.
The gnoll bouda hits you with a +0 whip!
* * * LOW HITPOINT WARNING * * *
You block something's attack.
The orc warrior hits you from afar with a +0 trident!
* * * LOW HITPOINT WARNING * * *
The orc hits you but does no damage. You block the gnoll's attack.
The gnoll misses you.
You climb upwards.
Reactivating autopickup.
You can no longer pass through a line of other dancers.
There is a stone staircase leading down here.
You feel better. You block the hound's attack.
Something hits you but does no damage.
Deactivating autopickup; reactivate with Ctrl-A.
You block the orc's attack. Something hits you but does no damage.
The hound bites you.
* * * LOW HITPOINT WARNING * * *
You closely miss something. You headbutt something.
The hound closely misses you. You block something's attack.
You block the orc's attack. Something hits you.
* * * LOW HITPOINT WARNING * * *
You block the hound's attack.
You miss something. You block the hound's attack. Something hits you.
* * * LOW HITPOINT WARNING * * *
You block the orc's attack. Something hits you but does no damage.
You hit something. You block the hound's attack.
Something hits you but does no damage. You block the orc's attack.
Something hits you but does no damage. The hound bites you.
You die...

...............##.######.##.#
.......#.#........# #.##.#
..............###.######.##.#
.......#.#....# ###......##.#####
.......#.#....# #.#######.....#
#.............### #.##### #.###.#
.........##.....# #.#...# #.# #.#
.......#.##..##o###.#...###.###.#
##....>#........@.g.'...'........
#...........##h#####...#########
#...........##.# #####
##.^............###
..................#####
####.####.#..##.......#
.......##.#.......###.#
.....#.##.#..##.......#
#<...............####.# ########


You could see a gnoll bouda, a hound and an orc.

Vanquished Creatures
  Grinder (D:6)
  3 yaks (D:6)
  2 ice beasts
  2 phantoms
  A kobold brigand (D:6)
  Blork the orc (D:4)
  2 scorpions
  A howler monkey (D:6)
  4 jellies
  5 hounds
  An orc priest (D:5)
  5 iguanas
  An orc wizard (D:5)
  A statue (D:5)
  3 adders
  16 gnolls
  2 shadow imps
  3 white imps (D:6)
  2 ufetubi
  A worm (D:2)
  3 dart slugs
  26 orcs
  2 endoplasms
  4 giant cockroaches
  11 goblins
  10 hobgoblins
  4 jackals (D:1)
  3 quokkas
  3 ball pythons
  7 bats (D:1)
  A frilled lizard (D:3)
  15 kobolds
  4 rats
150 creatures vanquished.

Vanquished Creatures (others)
  A demonic plant (D:1)
  A fungus (D:1)
2 creatures vanquished.

Grand Total: 152 creatures vanquished

Notes
Turn   | Place    | Note
-------+----------+-------------------------------------------
     0 | D:1      | Metae the Minotaur Fighter began the quest for the Orb.
     0 | D:1      | Reached XP level 1. HP: 19/19 MP: 0/0
   126 | D:1      | Found a faded altar of an unknown god.
   205 | D:1      | Reached XP level 2. HP: 27/27 MP: 1/1
   720 | D:1      | Reached skill level 1 in Dodging
  1273 | D:2      | Identified the +0 scale mail of Ycodier {Dex+5}
  1288 | D:2      | Reached XP level 3. HP: 32/33 MP: 2/2
  2181 | D:3      | Reached XP level 4. HP: 11/40 MP: 3/3
  2865 | D:4      | Noticed a phantom
  2870 | D:4      | Reached XP level 5. HP: 43/47 MP: 4/4
  2883 | D:4      | Killed a phantom
  2985 | D:4      | Noticed Blork the orc
  3002 | D:4      | Killed Blork the orc
  3003 | D:4      | Reached skill level 5 in Shields
  3003 | D:4      | Reached XP level 6. HP: 34/55 MP: 5/5
  3012 | D:4      | Reached skill level 5 in Fighting
  3288 | D:4      | Reached skill level 5 in Armour
  3584 | D:5      | Entered Level 5 of the Dungeon
  3667 | D:5      | Reached skill level 1 in Maces & Flails
  3882 | D:5      | Reached XP level 7. HP: 61/61 MP: 6/6
  3883 | D:5      | Found a staircase to the Ecumenical Temple.
  3918 | Temple   | Entered the Ecumenical Temple
  4937 | D:5      | Found a radiant altar of Vehumet.
  5098 | D:6      | Reached XP level 8. HP: 60/70 MP: 7/7
  5559 | D:6      | Noticed Grinder
  5570 | D:6      | Killed Grinder
  5612 | D:6      | Reached skill level 5 in Dodging
  5788 | D:6      | Found a hide-covered altar of Uskayaw.
  5825 | D:6      | Reached skill level 5 in Maces & Flails
  5825 | D:6      | Reached XP level 9. HP: 54/79 MP: 8/8
  5836 | D:6      | Became a worshipper of Uskayaw the Reveller
  6251 | D:7      | Reached * piety under Uskayaw
  6256 | D:7      | Reached ** piety under Uskayaw
  6258 | D:7      | HP: 1/79 [orc warrior/+0 trident (11)]
  6263 | D:6      | Slain by a hound

Illustrated notes

Levels and vault maps discovered:
D:1:      evilmike_arrival_crescent, layout_basic, shapermc_ecumenical_altar_gd
D:2:      layout_loops_ring
D:3:      layout_basic
D:4:      layout_basic, hangedman_decor_growths, uniq_blork_the_orc
D:5:      corexii_shantytown, layout_basic, vehumet_statue,
          minmay_temple_entry_glass
D:6:      layout_basic, mainiacjoe_overflow_catwalk, uniq_grinder
D:7:      layout_cave_pools, tgw_sif, zin_treasury, enter_bailey_3,
          minivault_25, kennysheep_windowed_goal
Temple:   nicolae_temple_ecumenical_triangle

Skill      XL: |  1  2  3  4  5  6  7  8 |
---------------+-------------------------+-----
Dodging        | 1 2 3 4 5 |  5.6
Fighting       | 4 5 6 7 |  7.3
Shields        | 4 5 6 7 |  7.4
Armour         | 4 5 6 7 |  7.3
Short Blades   | 3 |  3.7
Maces & Flails | 1 3 5 |  5.0

Action                     |  1- 3 |  4- 6 |  7- 9 || total
---------------------------+-------+-------+-------++-------
  Melee: Rapier            |   117 |    61 |       ||   178
         Headbutt          |    12 |    27 |    45 ||    84
         Flail             |       |    57 |   211 ||   268
    Use: Potion            |       |       |     2 ||     2
 Armour: Scale mail        |    58 |    26 |    69 ||   153
  Dodge: Dodged            |    52 |    35 |    78 ||   165
  Block: Buckler           |    21 |       |       ||    21
         Kite shield       |    38 |    91 |   187 ||   316
         Reflection        |     2 |     2 |     6 ||    10
